 Dungeon Crawl Stone Soup version 0.20.0-4-g10b340a (webtiles) character file.

6221 mopl the Frost Mage (level 10, -4/56 HPs)
             Began as a Deep Elf Ice Elementalist on May 27, 2017.
             Was a Follower of Vehumet.
             Killed from afar by Erolcha (39 damage)
             ... with a crystal spear
             ... on level 10 of the Dungeon.
             The game lasted 00:34:37 (12043 turns).

mopl the Frost Mage (Deep Elf Ice Elementalist)    Turns: 12043, Time: 00:34:38

Health: -4/56      AC:  7    Str:  5    XL:     10   Next: 61%
Magic:  5/24       EV: 15    Int: 24    God:    Vehumet [*.....]
Gold:   287        SH:  5    Dex: 15    Spells: 14/25 levels left

rFire    . . .     SeeInvis +   a - +0 dagger (venom)
rCold    . . .     Gourm    .   d - +0 buckler
rNeg     . . .     Faith    +   o - +0 robe
rPois    .         Spirit   .   L - +2 helmet {SInv}
rElec    .         Reflect  .   C - +0 cloak
rCorr    .         Harm     .   (no gloves)
MR       +....                  E - +0 pair of boots
Stlth    ++........             m - amulet of faith {!P}
Regen    0.2/turn               (no ring)
MPRegen  0.2/turn               (no ring)

@: no status effects
A: no striking features
a: Renounce Religion


You were on level 10 of the Dungeon.
You worshipped Vehumet.
Vehumet was aware of your devotion.
You were not hungry.

You visited 2 branches of the dungeon, and saw 11 of its levels.

You collected 771 gold pieces.
You spent 484 gold pieces at shops.

Inventory:

Hand Weapons
 a - a +0 dagger of venom (weapon)
 b - a +0 blowgun
 g - a +0 quarterstaff
 w - a +2 dagger of holy wrath
 B - a +2 quarterstaff of chaos
 J - a +2 dagger of flaming
Missiles
 q - 67 poisoned needles
 s - 4 tomahawks (quivered)
 G - 6 needles of sleeping
Armour
 d - a +0 buckler (worn)
 o - a +0 robe (worn)
 r - a +0 shield
 C - a +0 cloak (worn)
 E - a +0 pair of boots (worn)
 L - a +2 helmet of see invisible (worn)
Jewellery
 m - an amulet of faith (around neck) {!P}
 K - an uncursed ring of fire
Wands
 f - a wand of paralysis (8/24)
 M - a wand of lightning (5/15)
 Q - a wand of polymorph (11/24)
Scrolls
 e - 2 scrolls of fog
 j - a scroll of immolation
 k - 4 scrolls of remove curse
 l - 2 scrolls of teleportation
 u - a scroll of enchant weapon {unknown}
 y - 4 scrolls of magic mapping
 A - 2 scrolls of fear {unknown}
 D - a scroll of enchant armour {unknown}
 I - 2 scrolls of amnesia {unknown}
 N - 2 scrolls of identify
Potions
 n - a potion of magic
 p - a potion of mutation {!q}
 t - a potion of brilliance
 v - a potion of heal wounds
 z - a potion of cancellation
 F - a potion of invisibility
 O - a potion of might
Books
 x - a book of Frost

   Spells                             Type                      Level
   a - Freeze                         Ice                          1
   b - Throw Frost                    Conjuration/Ice              2
   c - Ozocubu's Armour               Charms/Ice                   3
   d - Throw Icicle                   Conjuration/Ice              4
   e - Summon Ice Beast               Ice/Summoning                4
Miscellaneous
 P - a fan of gales
Comestibles
 c - 12 bread rations
 h - 6 meat rations
 i - 7 royal jellies


   Skills:
 + Level 3.1 Fighting
 + Level 5.2 Dodging
 - Level 2.4 Stealth
 + Level 3.5 Shields
 - Level 8.0 Spellcasting
 + Level 7.9 Conjurations
 - Level 5.0 Summonings
 * Level 11.4 Ice Magic


You had 14 spell levels left.
You knew the following spells:

 Your Spells              Type           Power        Failure   Level  Hunger
a - Freeze                Ice            ####         1%          1    None
b - Throw Frost           Conj/Ice       ######       1%          2    None
c - Throw Icicle          Conj/Ice       ######..     1%          4    ##.....
d - Summon Ice Beast      Ice/Summ       #####...     2%          4    ##.....


Dungeon Overview and Level Annotations

Branches:
Dungeon (10/15)            Temple (1/1) D:6             Orc (0/2) D:9
   Lair: D:8-11

Altars:
Ashenzari
Cheibriados
Dithmenos
Elyvilon
Fedhas
Gozag
Hepliaklqana
Kikubaaqudgha
Makhleb
Nemelex Xobeh
Okawaru
Qazlal
Ru
Sif Muna
Trog
Uskayaw
Vehumet
Xom
Yredelemnul
Zin
The Shining One
Beogh

Shops:
D:5 *   D:7 ?   D:8 %[%:

Annotations:
D:5 2 runed doors
D:10 Erolcha, Fannar


Message History

Press: ? - help, Shift-Dir - straight line, f/p - Erolcha
Aim: Erolcha, wielding a giant club and wearing a robe (moderately wounded, fast)
You freeze Erolcha.
Erolcha is moderately wounded.
Erolcha hits you with a giant club!!
Your ice beast completely misses Erolcha.
Your ice beast hits Erolcha.
Your ice beast freezes Erolcha!
An unseen horror comes into view.
Unknown command.
Casting: Freeze
Confirm with . or Enter, or press ? or * to list all spells.
Aiming: Throw Icicle
Press: ? - help, Shift-Dir - straight line, f/p - Erolcha
Aim: Erolcha, wielding a giant club and wearing a robe (heavily wounded, fast)
The shard of ice hits Erolcha.
Erolcha is almost dead.
Erolcha casts a spell at you. The crystal spear hits you!
Ouch! That really hurt!
You die...

#.....# ###O#
#...# #.###
#############.#
#..........)..#
#..........x..#
#.......YOY...#
#..(....@....##
#.)..........#
#....<.......#
#####+##+#####
.. .## ..# .>#
#.# ####.###


You could see Erolcha, an unseen horror (invisible) and 2 friendly ice beasts.

Vanquished Creatures
  2 two-headed ogres (D:9)
  A hippogriff (D:9)
  The ghost of Gorice the Skirmisher, an amateur MiWn (D:3)
  A steam dragon (D:7)
  Duvessa (D:5)
  2 orc warriors
  A sky beast (D:9)
  An ogre (D:9)
  2 wolves (D:9)
  3 centaurs
  2 bullfrogs
  3 scorpions
  A vampire bat (D:6)
  A howler monkey (D:7)
  3 jellies
  5 crimson imps
  A centaur zombie (D:8)
  3 hounds (D:4)
  7 orc priests
  2 bullfrog skeletons
  6 iguanas
  6 orc wizards
  9 worker ants
  A hound skeleton (D:6)
  Robin (D:2)
  5 gnolls
  12 adders
  A shadow imp (D:7)
  4 oozes
  An adder skeleton (D:6)
  5 worms
  3 leopard geckos
  32 orcs
  A ball python (D:5)
  3 bat skeletons (D:6)
  2 bat zombies (D:6)
  10 giant cockroaches
  21 goblins
  11 hobgoblins
  8 jackals
  4 quokkas
  2 bats
  2 frilled lizards
  11 kobolds
  A leopard gecko skeleton (D:7)
  12 rats
217 creatures vanquished.

Vanquished Creatures (collateral kills)
  A troll (D:7)
  A human (D:7)
  Grum (D:9)
  2 hogs (D:7)
  The ghost of asdu the Chopper, an amateur DDAK of Makhleb (D:5)
  2 yaks (D:7)
  A hungry ghost (D:8)
  Menkaure (D:7)
  Edmund (D:5)
  3 orc warriors
  2 ice beasts
  4 ogres
  A wolf (D:9)
  A necrophage (D:8)
  4 centaurs
  Dowan (D:5)
  9 wights (D:10)
  A bullfrog zombie (D:7)
  4 jellies
  2 orc wizards
  Crazy Yiuf (D:4)
  A worker ant (D:7)
  2 gnolls (D:8)
  An adder (D:9)
  2 shadow imps
  5 oozes (D:4)
  An adder skeleton (D:6)
  A leopard gecko (D:7)
  13 orcs
70 creatures vanquished.

Vanquished Creatures (others)
  11 toadstools (D:4)
11 creatures vanquished.

Grand Total: 298 creatures vanquished

Notes
Turn   | Place    | Note
-------+----------+-------------------------------------------
     0 | D:1      | mopl the Deep Elf Ice Elementalist began the quest for the Orb.
     0 | D:1      | Reached XP level 1. HP: 10/10 MP: 6/6
   348 | D:1      | Reached XP level 2. HP: 15/15 MP: 2/8
   352 | D:1      | Learned a level 2 spell: Throw Frost
   787 | D:2      | Reached skill level 4 in Ice Magic
   787 | D:2      | Reached XP level 3. HP: 9/19 MP: 5/10
  1268 | D:2      | Reached skill level 4 in Spellcasting
  1268 | D:2      | Reached skill level 2 in Conjurations
  1328 | D:2      | Reached XP level 4. HP: 19/24 MP: 9/12
  1334 | D:2      | Learned a level 4 spell: Throw Icicle
  1339 | D:2      | Learned a level 4 spell: Summon Ice Beast
  1359 | D:2      | Found a glowing golden altar of the Shining One.
  1596 | D:2      | Found a glowing golden altar of the Shining One.
  1753 | D:3      | Noticed Robin
  2040 | D:2      | Killed Robin
  2230 | D:3      | Noticed Gorice's ghost (amateur MiWn)
  2556 | D:3      | Reached XP level 5. HP: 27/28 MP: 8/13
  2584 | D:3      | Reached skill level 5 in Ice Magic
  2817 | D:2      | Reached skill level 1 in Summonings
  3382 | D:4      | Reached skill level 3 in Conjurations
  3382 | D:4      | Reached XP level 6. HP: 32/32 MP: 10/15
  3473 | D:4      | Reached skill level 2 in Summonings
  3486 | D:4      | Found a sparkling altar of Nemelex Xobeh.
  3501 | D:4      | Reached skill level 6 in Ice Magic
  3519 | D:4      | Reached skill level 5 in Spellcasting
  4262 | D:4      | Reached XP level 7. HP: 36/36 MP: 8/17
  4379 | D:4      | Found a runed door.
  4488 | D:4      | Noticed Crazy Yiuf
  4495 | D:4      | Killed Crazy Yiuf
  4567 | D:5      | Entered Level 5 of the Dungeon
  4571 | D:5      | Reached skill level 4 in Conjurations
  4571 | D:5      | Reached skill level 3 in Summonings
  4695 | D:5      | Reached skill level 7 in Ice Magic
  4817 | D:5      | Found a sacrificial altar of Ru.
  4844 | D:5      | Noticed Duvessa
  4846 | D:5      | Noticed Dowan
  4853 | D:5      | Killed Duvessa
  4855 | D:5      | Killed Dowan
  4858 | D:5      | Noticed asdu's ghost (amateur DDAK)
  4869 | D:5      | Killed asdu's ghost
  4869 | D:5      | Reached skill level 6 in Spellcasting
  4869 | D:5      | Reached XP level 8. HP: 41/41 MP: 6/19
  4878 | D:5      | Found a runed door.
  5151 | D:5      | Reached skill level 4 in Summonings
  5248 | D:5      | Found Zutwyan's General Store.
  5498 | D:5      | Found a runed door.
  5546 | D:5      | Noticed Edmund
  5559 | D:5      | Killed Edmund
  5787 | D:3      | Killed Gorice's ghost
  5787 | D:3      | Reached skill level 5 in Conjurations
  5787 | D:3      | Reached skill level 8 in Ice Magic
  6401 | D:5      | Reached skill level 7 in Spellcasting
  6648 | D:6      | Found a shattered altar of Ashenzari.
  6858 | D:6      | Found an ancient bone altar of Kikubaaqudgha.
  7058 | D:6      | Reached skill level 5 in Summonings
  7148 | D:6      | Found a staircase to the Ecumenical Temple.
  7156 | Temple   | Entered the Ecumenical Temple
  7256 | D:6      | Reached skill level 9 in Ice Magic
  7624 | D:7      | Found Benlosh's Magic Scroll Emporium.
  7625 | D:7      | Noticed Menkaure
  7632 | D:7      | Killed Menkaure
  7632 | D:7      | Reached XP level 9. HP: 33/45 MP: 13/22
  8064 | D:7      | Reached skill level 6 in Conjurations
  8271 | D:7      | Bought a scroll of fog for 26 gold pieces
  8271 | D:7      | Bought a scroll of random uselessness for 13 gold pieces
  8271 | D:7      | Bought a scroll of magic mapping for 45 gold pieces
  8271 | D:7      | Bought a scroll of identify for 26 gold pieces
  8271 | D:7      | Bought a scroll of identify for 26 gold pieces
  8271 | D:7      | Bought a scroll of identify for 26 gold pieces
  8352 | D:7      | Reached skill level 1 in Shields
  8972 | D:7      | Found a stormy altar of Qazlal.
  8991 | D:7      | Reached skill level 8 in Spellcasting
  9059 | D:7      | Noticed a troll
  9106 | D:7      | Killed a troll
  9175 | D:7      | Reached skill level 10 in Ice Magic
  9419 | D:7      | Reached skill level 2 in Shields
  9441 | D:7      | Reached skill level 1 in Fighting
  9441 | D:7      | Reached skill level 3 in Dodging
  9618 | D:8      | Found Kuysatu's Armour Shop.
  9635 | D:8      | Bought a +2 helmet of see invisible for 322 gold pieces
  9646 | D:8      | Found Qayhan's Food Shop.
  9784 | D:8      | Found Zeton's Food Boutique.
  9904 | D:8      | Found Imyatiob's Book Emporium.
 10132 | D:9      | Found an opulent altar of Gozag.
 10132 | D:9      | Found a basalt altar of Yredelemnul.
 10132 | D:9      | Found a hide-covered altar of Uskayaw.
 10132 | D:9      | Found a radiant altar of Vehumet.
 10135 | D:9      | Found a white marble altar of Elyvilon.
 10139 | D:9      | Found a sacrificial altar of Ru.
 10142 | D:9      | Became a worshipper of Vehumet
 10178 | D:9      | Reached skill level 2 in Fighting
 10254 | D:9      | Noticed a two-headed ogre
 10257 | D:9      | Killed a two-headed ogre
 10257 | D:9      | Reached skill level 4 in Dodging
 10257 | D:9      | Reached skill level 7 in Conjurations
 10257 | D:9      | Reached XP level 10. HP: 54/54 MP: 11/24
 10267 | D:9      | Noticed Grum
 10274 | D:9      | Reached skill level 3 in Shields
 10436 | D:9      | Noticed a two-headed ogre
 10440 | D:9      | Killed a two-headed ogre
 10440 | D:9      | Reached skill level 11 in Ice Magic
 10930 | D:9      | Reached * piety under Vehumet
 10930 | D:9      | Offered knowledge of Magic Dart by Vehumet.
 10947 | D:9      | Reached skill level 3 in Fighting
 10948 | D:9      | Found a roughly hewn altar of Beogh.
 10950 | D:9      | Found a staircase to the Orcish Mines.
 10990 | D:9      | Reached skill level 5 in Dodging
 11122 | D:9      | Found a basalt altar of Yredelemnul.
 11219 | D:9      | Killed Grum
 11296 | D:10     | Entered Level 10 of the Dungeon
 11296 | D:10     | Noticed Fannar
 11820 | D:10     | Offered knowledge of Shock by Vehumet.
 12035 | D:10     | Noticed Erolcha
 12043 | D:10     | Noticed an unseen horror
 12043 | D:10     | Killed from afar by Erolcha

Skill      XL: |  1  2  3  4  5  6  7  8  9 10 |
---------------+-------------------------------+-----
Ice Magic      | 4 5 6 7 9 10 11 | 11.4
Spellcasting   | 4 5 6 7 8 |  8.0
Conjurations   | 2 3 4 5 7 |  7.9
Summonings     | 1 2 3 5 |  5.0
Shields        | 2 3 |  3.5
Fighting       | 2 3 |  3.1
Dodging        | 4 5 |  5.2
Stealth        | |  2.4

Action                   |  1- 3 |  4- 6 |  7- 9 | 10-12 || total
-------------------------+-------+-------+-------+-------++-------
Melee: Dagger            |     1 |    35 |    83 |    18 ||   137
 Fire: Blowgun           |       |     3 |     3 |       ||     6
 Cast: Freeze            |    41 |   125 |   153 |    58 ||   377
       Throw Frost       |     4 |     4 |    22 |     3 ||    33
       Summon Ice Beast  |       |     5 |    50 |    36 ||    91
       Throw Icicle      |       |       |     2 |     9 ||    11
Evoke: Wand              |       |       |       |     1 ||     1
  Use: Scroll            |       |       |     7 |     3 ||    10
       Potion            |       |       |     3 |       ||     3
 Stab: Sleeping          |       |     7 |     6 |       ||    13
       Distracted        |       |       |     1 |       ||     1
  Eat: Chunk             |     1 |    10 |    18 |     6 ||    35
       Fruit             |       |       |     2 |       ||     2
       Royal jelly       |       |       |     1 |     1 ||     2
Armor: Robe              |     3 |    25 |    50 |    11 ||    89
Dodge: Dodged            |    19 |   100 |   140 |    55 ||   314
Block: Buckler           |       |       |    15 |    13 ||    28
